 Dungeon Crawl Stone Soup version 0.21.1-1-g345015fe64 (webtiles) character file.

77 Peloso the Skirmisher (level 4, -2/35 HPs)
             Began as a Demonspawn Fighter on May 13, 2018.
             Slain by an orc
             ... wielding a +0 hand axe
              (4 damage)
             ... on level 3 of the Dungeon.
             The game lasted 00:03:04 (1527 turns).

Peloso the Skirmisher (Demonspawn Fighter)          Turns: 1527, Time: 00:03:06

Health: -2/35      AC:  6    Str: 18    XL:     4   Next: 14%
Magic:  4/4        EV:  7    Int:  9    God:
Gold:   160        SH: 14    Dex: 12    Spells: 3/3 levels left

rFire    . . .     SeeInvis .   a - +0 long sword
rCold    . . .     Gourm    .   c - +0 shield
rNeg     . . .     Faith    .   b - +0 scale mail
rPois    .         Spirit   .   (no helmet)
rElec    .         Reflect  +   (no cloak)
rCorr    .         Harm     .   (no gloves)
MR       .....                  (no boots)
Stlth    ..........             e - +5 amulet of reflection
HPRegen  0.11/turn              (no ring)
MPRegen  0.09/turn              (no ring)

@: slowed, very slow
A: powered by death 1
a: no special abilities


You were on level 3 of the Dungeon.
You were hungry.

You visited 1 branch of the dungeon, and saw 3 of its levels.

You collected 160 gold pieces.

Inventory:

Hand Weapons
 a - a +0 long sword (weapon)
Missiles
 r - 17 bolts
Armour
 b - a +0 scale mail (worn)
 c - a +0 shield (worn)
Jewellery
 e - a +5 amulet of reflection (around neck)
Wands
 s - a wand of polymorph (10)
Scrolls
 g - a scroll of amnesia {unknown}
 j - 2 scrolls of enchant armour {unknown}
 k - 3 scrolls of remove curse {unknown}
 l - 3 scrolls of teleportation {unknown}
 n - 3 scrolls of magic mapping {unknown}
 o - 2 scrolls of identify {unknown}
 p - a scroll of enchant weapon {unknown}
Potions
 d - a potion of might
 h - 3 potions of curing {unknown}
 i - 2 potions of mutation {unknown}
 m - a potion of resistance {unknown}
 q - a potion of heal wounds {unknown}
Comestibles
 f - 3 rations


   Skills:
 + Level 3.3 Fighting
 + Level 2.6 Long Blades
 + Level 3.3 Armour
 + Level 0.3 Dodging
 + Level 3.2 Shields


You had 3 spell levels left.
You didn't know any spells.

Dungeon Overview and Level Annotations

Branches:
Dungeon (3/15)

Altars:
Makhleb
Nemelex Xobeh
Ru
Uskayaw


Innate Abilities, Weirdness & Mutations

You regenerate a little health from kills.


Message History

You hit the orc wizard.
The orc wizard is severely wounded.
You block the orc wizard's attack. The orc hits you but does no damage.
The orc wizard gestures at you while chanting.
The magic dart hits you! You block the orc's attack.
Unknown command.
You closely miss the orc wizard.
The orc wizard is severely wounded.
You block the orc wizard's attack. The orc hits you but does no damage.
The orc wizard casts a spell at you. The magic dart hits you!
* * * LOW HITPOINT WARNING * * *
You block the orc's attack.
You hit the orc wizard.
The orc wizard is severely wounded.
You are feeling hungry.
The orc wizard hits you with a dagger.
* * * LOW HITPOINT WARNING * * *
The orc hits you with a hand axe.
You die...

####### #### #.....#
######
##...##.###.#####.....
#....(o............###
#@#.# #..##.#..###
##o.###..##......#
#.#......####..#.#
#...#####.......#.#
#..##= ######..... #.#
#. ####.# ... #.
####..# #.. #. #......
#.. #. #.##†#.


You could see an orc wizard and an orc.

Vanquished Creatures
  An adder (D:2)
  3 worms
  A dart slug (D:1)
  3 leopard geckos
  2 orcs (D:3)
  5 bats
  5 giant cockroaches
  7 goblins
  9 hobgoblins
  A quokka (D:2)
  A ball python (D:1)
  3 frilled lizards
  6 kobolds
  4 rats
51 creatures vanquished.

Notes
Turn   | Place    | Note
-------+----------+-------------------------------------------
     0 | D:1      | Peloso the Demonspawn Fighter began the quest for the Orb.
     0 | D:1      | Reached XP level 1. HP: 18/18 MP: 1/1
    45 | D:1      | Gained mutation: You regenerate a little health from kills. [demonic ancestry]
    45 | D:1      | Reached XP level 2. HP: 21/24 MP: 2/2
   889 | D:2      | Reached XP level 3. HP: 29/29 MP: 3/3
  1009 | D:2      | Found a sacrificial altar of Ru.
  1015 | D:2      | Found a sparkling altar of Nemelex Xobeh.
  1310 | D:2      | Found a burning altar of Makhleb.
  1335 | D:2      | Reached XP level 4. HP: 26/35 MP: 4/4
  1378 | D:2      | Found a hide-covered altar of Uskayaw.
  1527 | D:3      | Slain by an orc

Skill      XL: |  1  2 |
---------------+-------+-----
Shields        | 3 |  3.2
Armour         | 3 |  3.3
Long Blades    | 2 |  2.6
Fighting       | |  3.3
Dodging        | |  0.3

Action                   |  1- 3 |  4- 6 || total
-------------------------+-------+-------++-------
Melee: Long sword        |   157 |    34 ||   191
  Eat: Chunk             |     1 |     1 ||     2
Armor: Scale mail        |    51 |     8 ||    59
Dodge: Dodged            |    32 |     2 ||    34
Block: Shield            |   117 |    35 ||   152
       Reflection        |     5 |     1 ||     6
       Rpst.: Long sword |     9 |       ||     9
